[Event "Titled Tuesday Blitz August 02 Early 2022"]
[White "Tanenbaum, Zachary"]
[Black "Jubin Jimmy"]
[WhiteFideId "2060850"]
[BlackFideId "46686614"]
[WhiteElo "2175"]
[BlackElo "2219"]
[Result "0-1"]
[Round "05"]
[TimeControl "180+1"]
[Date "2022.08.02"]
[WhiteClock "0:00:02"]
[BlackClock "0:00:42"]

1. e4 c6 2. d4 d5 3. exd5 cxd5 4. Bd3 Nc6 5. c3 Nf6 6. Bf4 Bg4 7. Qb3 e5 8. dxe5 Nh5 9. Qxb7 Nxf4 10. Bb5 Rc8 11. Bxc6+ Rxc6 12. Qxc6+ Bd7 13. Qa6 Qb8 14. Nd2 Bb5 15. Qa5 Nd3+ 16. Kd1 Nxf2+ 17. Kc2 Nxh1 18. Nh3 Be7 19. Rxh1 O-O 20. Nf4 Bg5 21. g3 Rd8 22. Nf3 h6 23. Nd4 Qxe5 24. Rd1 Qe4+ 25. Kc1 Bd7 26. h4 Bxf4+ 27. gxf4 Qxf4+ 28. Rd2 Re8 29. Qxd5 Bg4 30. Kc2 Re5 31. Qa8+ Kh7 32. a3 Bh5 33. Nb3 Bg6+ 34. Kc1 Re1# 0-1


[Site "https://www.chess.com"]

[Event "Titled Tuesday Blitz August 02 Early 2022"]
[White "Vasquez Schroeder, Rodrigo"]
[Black "Tatarinov, Dmitry"]
[WhiteFideId "3400042"]
[BlackFideId "24160067"]
[WhiteElo "2567"]
[BlackElo "2302"]
[Result "1-0"]
[Round "05"]
[TimeControl "180+1"]
[Date "2022.08.02"]
[WhiteClock "0:02:24"]
[BlackClock "0:02:10"]

1. e4 e5 2. Nf3 Nc6 3. Bb5 a6 4. Ba4 Nf6 5. O-O Be7 6. Re1 b5 7. Bb3 O-O 8. h3 d6 9. c3 Nb8 10. d4 Nbd7 11. Nbd2 Bb7 12. Bc2 Re8 13. a4 Bf8 14. Bd3 c6 15. b3 g6 16. Bb2 Qc7 17. Qc2 Bg7 18. Rad1 Rac8 19. Bf1 Qb8 20. b4 Nb6 21. a5 Na4 22. Ba1 c5 23. bxc5 dxc5 24. dxe5 Nd7 25. c4 Nxe5 26. cxb5 Nxf3+ 27. Nxf3 Bxa1 28. Rxa1 axb5 29. Bxb5 Bxe4 30. Qxa4 Bxf3 31. Rxe8+ 1-0


[Site "https://www.chess.com"]

[Event "Titled Tuesday Blitz August 02 Early 2022"]
[White "Wagner, Dennis"]
[Black "Peiris, T G M"]
[WhiteFideId "24650684"]
[BlackFideId "9901310"]
[WhiteElo "2355"]
[BlackElo "2022"]
[Result "1-0"]
[Round "05"]
[TimeControl "180+1"]
[Date "2022.08.02"]
[WhiteClock "0:00:38"]
[BlackClock "0:02:00"]

1. e4 c5 2. Nf3 d6 3. d4 cxd4 4. Nxd4 Nf6 5. Nc3 e6 6. g4 a6 7. g5 Nfd7 8. Be3 Qc7 9. Qd2 Nc6 10. f4 Be7 11. h4 Nc5 12. O-O-O Bd7 13. Kb1 O-O-O 14. Nb3 Nb8 15. Bh3 Bc6 16. Qd4 Rhg8 17. Nd5 Bxd5 18. exd5 Nbd7 19. Nxc5 dxc5 20. Qe4 exd5 21. Qxe7 Rge8 22. Bxd7+ Qxd7 23. Qxd7+ Rxd7 24. Bxc5 1-0


[Site "https://www.chess.com"]

[Event "Titled Tuesday Blitz August 02 Early 2022"]
[White "Xiong, Jeffery"]
[Black "Izoria, Zviad"]
[WhiteFideId "2047640"]
[BlackFideId "13601733"]
[WhiteElo "2714"]
[BlackElo "2626"]
[Result "1-0"]
[Round "05"]
[TimeControl "180+1"]
[Date "2022.08.02"]
[WhiteClock "0:01:14"]
[BlackClock "0:00:06"]

1. d4 Nf6 2. c4 e6 3. Nc3 Bb4 4. Qc2 d6 5. Nf3 Nbd7 6. a3 Bxc3+ 7. Qxc3 b6 8. e3 Bb7 9. Be2 a5 10. b3 O-O 11. O-O Ne4 12. Qc2 f5 13. Ne1 c5 14. f3 Ng5 15. Nd3 Qe7 16. Nf2 e5 17. dxe5 dxe5 18. Bb2 Rf6 19. Rad1 Raf8 20. Qd2 R8f7 21. f4 Ne4 22. Nxe4 Bxe4 23. fxe5 Rg6 24. Bf3 Bxf3 25. Rxf3 Re6 26. e4 Nxe5 27. Qd8+ Qxd8 28. Rxd8+ Rf8 29. Rxf8+ Kxf8 30. Bxe5 Rxe5 31. Rxf5+ Rxf5 32. exf5 Ke7 33. g4 a4 34. bxa4 Kf6 35. Kf2 Ke5 36. Ke3 h5 37. h3 1-0


[Site "https://www.chess.com"]

[Event "Titled Tuesday Blitz August 02 Early 2022"]
[White "Abdrlauf, Elham"]
[Black "Madaminov, Mukhiddin"]
[WhiteFideId "1533533"]
[BlackFideId "14210703"]
[WhiteElo "2429"]
[BlackElo "2011"]
[Result "1-0"]
[Round "06"]
[TimeControl "180+1"]
[Date "2022.08.02"]
[WhiteClock "0:00:06"]
[BlackClock "0:00:05"]

1. e4 e5 2. Nc3 Nf6 3. Bc4 Nxe4 4. Qh5 Nd6 5. Bb3 Nc6 6. Nb5 g6 7. Qf3 f5 8. Qd5 Qe7 9. Nxc7+ Kd8 10. Nxa8 b6 11. Qf3 Nd4 12. Qh3 Bb7 13. d3 Bxa8 14. c3 Ne6 15. Bd2 Nf4 16. Bxf4 exf4+ 17. Kd2 g5 18. Re1 Qf6 19. Nf3 g4 20. Qh4 Qxh4 21. Nxh4 Be7 22. Rxe7 Kxe7 23. Re1+ Kf6 24. g3 f3 25. Bc2 Re8 26. Rxe8 Nxe8 27. b4 Ng7 28. d4 Bd5 29. a3 Bc4 30. Ke3 d5 31. Kd2 Kg5 32. Ke3 f4+ 33. Kd2 h5 34. Ng6 fxg3 35. hxg3 Bb3 36. Bd3 Bc4 37. Bc2 Bb3 38. Bd3 Bc4 39. Bb1 Bb3 40. Ke3 Ne8 41. Nf4 Nd6 42. Ne6+ Kf6 43. Nf4 Kg5 44. Bd3 h4 45. gxh4+ Kxh4 46. Ng6+ Kg5 47. Ne5 Bc4 48. Bc2 Kf6 49. Nxg4+ Kg5 50. Ne5 Be2 51. Bd3 Bxd3 52. Nxd3 Nc4+ 53. Kxf3 Nxa3 54. Ne5 Nb1 55. c4 Nd2+ 56. Ke2 Nxc4 57. Nxc4 dxc4 58. b5 Kf5 59. Kd2 Ke4 60. Kc3 Kd5 61. f3 Ke6 62. Kxc4 Kd6 63. Kd3 Kd5 64. f4 Kd6 65. Ke4 a5 66. bxa6 Kc7 67. f5 1-0


[Site "https://www.chess.com"]

[Event "Titled Tuesday Blitz August 02 Early 2022"]
[White "Aggelis, Nikolaos"]
[Black "Clarke, Brandon G I"]
[WhiteFideId "4213220"]
[BlackFideId "400319"]
[WhiteElo "2154"]
[BlackElo "2414"]
[Result "1-0"]
[Round "06"]
[TimeControl "180+1"]
[Date "2022.08.02"]
[WhiteClock "0:00:34"]
[BlackClock "0:00:14"]

1. d4 Nf6 2. g3 g6 3. Bg2 d5 4. Nf3 Bg7 5. O-O O-O 6. c4 dxc4 7. Na3 c3 8. bxc3 c5 9. Re1 Nc6 10. Bb2 Bf5 11. Nh4 Be6 12. e4 Na5 13. d5 Bg4 14. Bf3 Bxf3 15. Nxf3 c4 16. Qa4 Rc8 17. Rad1 a6 18. Nc2 Nd7 19. Ba3 b5 20. Qb4 Nc5 21. Ncd4 Qb6 22. Qb1 Rfe8 23. Bb4 Nd3 24. Re3 Bh6 25. Rexd3 cxd3 26. Qxd3 Nc4 27. Nc6 Bf8 28. Qd4 Rxc6 29. dxc6 Qxc6 30. Ne5 Nxe5 31. Qxe5 Bg7 32. Qd5 Qxd5 33. exd5 Rc8 34. d6 exd6 35. Rxd6 Ra8 36. Ba5 Be5 37. Rc6 Kf8 38. c4 bxc4 39. Rxc4 Ke7 40. f4 Bg7 41. Rc7+ Ke6 42. Rc6+ Kd5 43. Rc7 Bd4+ 44. Kg2 Rb8 45. Rd7+ Ke4 46. Re7+ Kd3 47. a4 Rb2+ 48. Kh3 f5 49. Rxh7 Bg1 50. Rd7+ Ke4 51. Rd2 Rb3 52. Kh4 Ra3 53. Kg5 Rxa4 54. Bd8 Be3 55. Rd6 Ra2 56. h4 Rg2 57. Re6+ Kf3 58. Kxg6 Rxg3+ 59. Kxf5 Bxf4 60. Rxa6 Rh3 61. Ra3+ Be3 62. Bg5 Kg2 63. Rxe3 Rh1 64. Kg6 Kf2 65. Rb3 Ke2 66. h5 1-0


[Site "https://www.chess.com"]

[Event "Titled Tuesday Blitz August 02 Early 2022"]
[White "Ajay, Karthikeyan"]
[Black "Maksimovic, Bojan"]
[WhiteFideId "35011685"]
[BlackFideId "14408120"]
[WhiteElo "2183"]
[BlackElo "2453"]
[Result "1/2-1/2"]
[Round "06"]
[TimeControl "180+1"]
[Date "2022.08.02"]
[WhiteClock "0:00:07"]
[BlackClock "0:00:03"]

1. e4 e5 2. Nf3 Nc6 3. Bc4 Nf6 4. Ng5 Bc5 5. Bxf7+ Ke7 6. Bb3 Rf8 7. O-O d6 8. d3 Bg4 9. Nf3 Nd4 10. Nbd2 Nh5 11. c3 Nxf3+ 12. Nxf3 Bxf3 13. gxf3 Nf4 14. d4 Bb6 15. Be3 Qe8 16. Kh1 Rf6 17. Rg1 Kf8 18. Rg4 Ne6 19. Qg1 g6 20. Qg3 exd4 21. cxd4 Nxd4 22. Bh6+ Ke7 23. Bg5 Nxb3 24. axb3 Qf7 25. Rf4 Bd4 26. Rd1 Be5 27. Bxf6+ Bxf6 28. e5 dxe5 29. Rc4 Kf8 30. f4 Re8 31. Qf3 c6 32. Re4 Bg5 33. f5 Qxf5 34. Qxf5+ gxf5 35. Rb4 Re7 36. Rc4 Kf7 37. f3 Kf6 38. Kg2 e4 39. fxe4 fxe4 40. Re1 e3 41. Kf3 Kf5 42. Rc5+ Re5 43. Rc4 h5 44. Re2 h4 45. Rg2 Kf6 46. Re2 Rf5+ 47. Ke4 Rb5 48. b4 Re5+ 49. Kd3 Rd5+ 50. Ke4 Re5+ 51. Kf3 Kf5 52. Rg2 Rd5 53. Re2 a6 54. Rg2 Kf6 55. Re2 Rf5+ 56. Ke4 Rb5 57. Kd3 Kf5 58. h3 Rd5+ 59. Rd4 Ke5 60. Rxd5+ cxd5 61. Rg2 Kf4 62. Rg4+ Kf5 63. Rd4 Ke5 64. Rg4 Kf5 65. Rd4 Ke5 66. Rg4 Kf5 1/2-1/2


[Site "https://www.chess.com"]

[Event "Titled Tuesday Blitz August 02 Early 2022"]
[White "Aradhya, Garg"]
[Black "Kamsky, Gata"]
[WhiteFideId "25006746"]
[BlackFideId "2000024"]
[WhiteElo "2666"]
[BlackElo "2937"]
[Result "1/2-1/2"]
[Round "06"]
[TimeControl "180+1"]
[Date "2022.08.02"]
[WhiteClock "0:00:22"]
[BlackClock "0:00:32"]

1. d4 Nf6 2. c4 e6 3. Nf3 b6 4. Nc3 Bb4 5. e3 Bb7 6. Bd3 c5 7. O-O O-O 8. Na4 cxd4 9. exd4 Be7 10. Bg5 d6 11. Nc3 Nbd7 12. Re1 Re8 13. Rc1 Rc8 14. h3 a6 15. b4 h6 16. Bd2 Bf8 17. a4 Qc7 18. Qe2 Qb8 19. a5 bxa5 20. bxa5 Qa8 21. Rb1 e5 22. dxe5 dxe5 23. Bf5 e4 24. Nd4 e3 25. fxe3 g6 26. Bxd7 Nxd7 27. Nd5 Bg7 28. Nf3 Bxd5 29. cxd5 Nc5 30. Bb4 Qxd5 31. Bxc5 Qxc5 32. Qxa6 Ra8 33. Qb6 Rxa5 34. Qxc5 Rxc5 35. Kh2 Be5+ 36. Nxe5 Rcxe5 37. Rb3 Kg7 38. Kg3 h5 39. Kf3 Rf5+ 40. Kg3 Re4 41. Rd3 h4+ 42. Kh2 Rfe5 43. Kg1 g5 44. Kf2 Kg6 45. Rc1 Re6 46. Rc5 Ra4 47. Rc2 Ra1 48. Rdc3 Rf6+ 49. Ke2 Rg1 50. Kd3 Re6 51. Rc6 Rxc6 52. Rxc6+ f6 53. Rc2 Kf5 54. Rc5+ Ke6 55. Rc2 Kd5 56. Rd2 Ke5 57. Ra2 Kf5 58. Rf2+ Kg6 59. Ke2 f5 60. Kf3 Kh5 61. e4 g4+ 62. Kf4 gxh3 63. gxh3 fxe4 64. Kxe4 Rg3 65. Rf3 Rxf3 66. Kxf3 Kg5 67. Ke4 Kg6 68. Kf4 Kh6 69. Kg4 Kg6 70. Kxh4 Kh6 71. Kg4 Kg6 72. h4 Kh6 73. h5 Kh7 74. Kg5 Kg7 75. h6+ Kh7 76. Kh5 Kh8 77. Kg6 Kg8 78. Kf6 Kh8 79. Kg5 Kh7 80. Kh5 Kh8 81. Kg6 Kg8 82. h7+ Kh8 83. Kh6 1/2-1/2


[Site "https://www.chess.com"]

[Event "Titled Tuesday Blitz August 02 Early 2022"]
[White "Boros, Denes"]
[Black "Le, Tuan Minh"]
[WhiteFideId "722340"]
[BlackFideId "12401153"]
[WhiteElo "2831"]
[BlackElo "2972"]
[Result "0-1"]
[Round "06"]
[TimeControl "180+1"]
[Date "2022.08.02"]
[WhiteClock "0:01:10"]
[BlackClock "0:00:50"]

1. e4 c5 2. Nc3 Nc6 3. Nf3 g6 4. g3 Bg7 5. Bg2 d6 6. a3 Nf6 7. Rb1 a5 8. O-O O-O 9. d3 Nd7 10. a4 b6 11. h4 h5 12. Bg5 Nde5 13. Nh2 Bd7 14. Nd5 Re8 15. c3 Rb8 16. Kh1 b5 17. f4 Ng4 18. Nxg4 Bxg4 19. Bf3 Bxf3+ 20. Qxf3 f6 21. f5 Ne5 22. Qe3 fxg5 23. d4 cxd4 24. cxd4 Ng4 25. Qxg5 e6 26. f6 exd5 27. f7+ Kh7 28. fxe8=Q Qxe8 29. Qxd5 Ne3 30. Qf7 Nxf1 0-1


[Site "https://www.chess.com"]

[Event "Titled Tuesday Blitz August 02 Early 2022"]
[White "Bryakin, Mikhail"]
[Black "Hosseinzadeh, Nima"]
[WhiteFideId "4165314"]
[BlackFideId "12505323"]
[WhiteElo "2422"]
[BlackElo "2066"]
[Result "1-0"]
[Round "06"]
[TimeControl "180+1"]
[Date "2022.08.02"]
[WhiteClock "0:00:18"]
[BlackClock "0:00:08"]

1. e4 e5 2. d4 exd4 3. Qxd4 Nc6 4. Qd3 Nf6 5. Nc3 Bc5 6. Bf4 d6 7. f3 O-O 8. O-O-O Re8 9. g4 Be6 10. h4 Nd7 11. h5 h6 12. Kb1 b5 13. Qxb5 Nde5 14. Qe2 Qb8 15. b3 a5 16. Na4 Nd4 17. Qg2 Ba7 18. g5 hxg5 19. h6 Ng6 20. Bxg5 Nxb3 21. cxb3 Bxb3 22. axb3 Qxb3+ 23. Nb2 Reb8 24. Qc2 Qa3 25. Rd3 Qb4 26. Bd2 Qb7 27. hxg7 a4 28. Bc3 Ne5 29. Bxe5 dxe5 30. Qg2 f6 31. Rd7 1-0


[Site "https://www.chess.com"]

[Event "Titled Tuesday Blitz August 02 Early 2022"]
[White "Cappelletto, Joshuaede"]
[Black "Saydaliev, Saidakbar"]
[WhiteFideId "2824383"]
[BlackFideId "14203693"]
[WhiteElo "1761"]
[BlackElo "2265"]
[Result "1-0"]
[Round "06"]
[TimeControl "180+1"]
[Date "2022.08.02"]
[WhiteClock "0:00:06"]
[BlackClock "0:00:01"]

1. e4 e5 2. Nf3 Nc6 3. Bc4 Nf6 4. d3 Bc5 5. O-O a6 6. a4 d6 7. c3 Ba7 8. Na3 h6 9. Nc2 O-O 10. Be3 d5 11. exd5 Nxd5 12. Bxa7 Rxa7 13. Re1 Re8 14. Ne3 Be6 15. Nxd5 Bxd5 16. Bxd5 Qxd5 17. Qc2 Raa8 18. Re4 Rad8 19. Rd1 f5 20. Ree1 b5 21. axb5 axb5 22. h3 Kh7 23. Rd2 Na5 24. Rde2 Qxd3 25. Qxd3 Rxd3 26. Rxe5 Rxe5 27. Rxe5 c6 28. Rxf5 Nc4 29. Rc5 Nxb2 30. Rxc6 Na4 31. Rc8 Nxc3 32. Rb8 Rd1+ 33. Kh2 Rb1 34. Rb7 b4 35. Nd4 Kg6 36. Rb6+ Kf7 37. g4 Nd5 38. Rb7+ Kf6 39. Nf5 b3 40. Ne3 Nxe3 41. fxe3 g5 42. Rb5 Ke6 43. Kg2 Kd6 44. Rb8 Kd5 45. Kf3 Kc4 46. Ke4 Rh1 47. Kf5 Rxh3 48. e4 1-0


[Site "https://www.chess.com"]

[Event "Titled Tuesday Blitz August 02 Early 2022"]
[White "Chigaev, Maksim"]
[Black "Gokerkan, Cem Kaan"]
[WhiteFideId "4108116"]
[BlackFideId "6336760"]
[WhiteElo "2884"]
[BlackElo "2802"]
[Result "0-1"]
[Round "06"]
[TimeControl "180+1"]
[Date "2022.08.02"]
[WhiteClock "0:00:30"]
[BlackClock "0:00:47"]

1. Nf3 g6 2. g3 Bg7 3. Bg2 Nf6 4. O-O d5 5. d3 O-O 6. Nc3 d4 7. Nb5 c5 8. c3 a6 9. Na3 Nc6 10. Bd2 Nd5 11. Rc1 dxc3 12. bxc3 b5 13. c4 Nc7 14. cxb5 axb5 15. Rxc5 Rxa3 16. Rxc6 Rxa2 17. Qb3 Rb2 18. Qd1 b4 19. Qc1 Nb5 20. e3 Bb7 21. Rc2 Nc3 22. Rxb2 Ne2+ 23. Kh1 Nxc1 24. Rxc1 Bxb2 0-1


[Site "https://www.chess.com"]

[Event "Titled Tuesday Blitz August 02 Early 2022"]
[White "Concio, Michael Jr."]
[Black "Ponce Cano, Adrian"]
[WhiteFideId "5217873"]
[BlackFideId "22296913"]
[WhiteElo "1896"]
[BlackElo "2261"]
[Result "0-1"]
[Round "06"]
[TimeControl "180+1"]
[Date "2022.08.02"]
[WhiteClock "0:00:03"]
[BlackClock "0:00:11"]

1. e4 c5 2. g3 Nc6 3. Bg2 e6 4. c4 Nf6 5. Nc3 d6 6. Nge2 e5 7. O-O g6 8. d3 Bg7 9. h3 O-O 10. Be3 Nd4 11. Kh2 a6 12. a4 b6 13. f4 Rb8 14. Rf2 Nh5 15. Bxd4 cxd4 16. Nd5 Be6 17. Nb4 exf4 18. Nxf4 Nxg3 19. Kxg3 Be5 20. Kh2 Qh4 21. Qf1 g5 22. Nc6 Bxf4+ 23. Rxf4 gxf4 24. Nxb8 Rxb8 25. Qf3 Kh8 26. Rg1 Rg8 27. Bf1 Rxg1 28. Kxg1 Qg5+ 29. Kh2 Kg7 30. b4 Kf6 31. Be2 Ke5 32. Bf1 Kf6 33. Be2 Ke7 34. Bf1 Qh4 35. Kg1 Qg5+ 36. Kh2 Qh4 37. Qg2 Qe1 38. Qg5+ f6 39. Qxf4 Qxb4 40. Qh6 Qb2+ 41. Kg1 Qc2 42. Qxh7+ Bf7 43. a5 bxa5 44. Qh8 Qd2 45. Qa8 Qe3+ 46. Kh1 Qf3+ 47. Bg2 Qd1+ 48. Kh2 Qxd3 49. Qb7+ Kf8 50. Qxa6 Qe3 51. Qxd6+ Kg7 52. c5 d3 53. c6 d2 54. c7 Qc3 55. c8=Q Qxc8 56. Qxd2 Qc7+ 57. Kh1 Qe5 58. h4 Be6 59. Bf3 a4 60. Qg2+ Kf8 61. Qc2 a3 62. Qd2 a2 63. Qd8+ Kg7 64. Qe7+ Bf7 65. Bh5 Qxe7 0-1


[Site "https://www.chess.com"]

[Event "Titled Tuesday Blitz August 02 Early 2022"]
[White "Csonka, Balazs"]
[Black "Alekseenko, Kirill"]
[WhiteFideId "742910"]
[BlackFideId "4135539"]
[WhiteElo "2404"]
[BlackElo "2682"]
[Result "1-0"]
[Round "06"]
[TimeControl "180+1"]
[Date "2022.08.02"]
[WhiteClock "0:00:04"]
[BlackClock "0:00:11"]

1. e4 Nc6 2. Nf3 e5 3. Bb5 a6 4. Ba4 d6 5. Nc3 Bd7 6. Bxc6 bxc6 7. d4 f6 8. O-O Ne7 9. Nh4 g6 10. f4 exd4 11. Qxd4 Bg7 12. f5 O-O 13. Be3 Qe8 14. Qd2 Qf7 15. Bh6 Bxh6 16. Qxh6 g5 17. Nf3 Qg7 18. Qxg7+ Kxg7 19. g4 h5 20. h3 h4 21. Kf2 Rfb8 22. b3 Be8 23. Rad1 Bf7 24. Rd2 a5 25. Re1 Rb4 26. Nd4 Kf8 27. a3 Rbb8 28. Rf1 c5 29. Ne6+ Bxe6 30. fxe6 a4 31. bxa4 Ng6 32. Ke3 Kg7 33. Rdf2 Nf4 34. Nd5 Rxa4 35. Nxf4 gxf4+ 36. Rxf4 Rxa3+ 37. Kd2 Rxh3 38. Rxf6 Rh2+ 39. Kc3 Re2 40. Rf7+ Kg6 41. R1f6+ Kg5 42. Rf5+ Kxg4 43. Rg7+ Kh3 44. Rf3+ Kh2 45. e7 Re8 46. Rf8 Rxe7 47. Rxe7 h3 48. Rxc7 Rxe4 49. Rh7 Rd4 50. Rfh8 Kg2 51. Rg8+ Kf1 52. Rgh8 h2 53. Rxh2 d5 54. Rh1+ Kg2 55. R8h2+ Kg3 56. Rd2 Rc4+ 57. Kb2 Rb4+ 58. Kc1 d4 59. Rh5 Rb5 60. Rxd4 1-0


[Site "https://www.chess.com"]

[Event "Titled Tuesday Blitz August 02 Early 2022"]
[White "Demchenko, Anton"]
[Black "Tica, Sven"]
[WhiteFideId "4160258"]
[BlackFideId "14526948"]
[WhiteElo "2539"]
[BlackElo "2346"]
[Result "1-0"]
[Round "06"]
[TimeControl "180+1"]
[Date "2022.08.02"]
[WhiteClock "0:01:15"]
[BlackClock "0:01:25"]

1. e4 g6 2. d4 Bg7 3. Nc3 a6 4. a4 d6 5. Nf3 Nd7 6. Bc4 e6 7. O-O Ne7 8. Re1 h6 9. Bb3 b6 10. Ne2 Bb7 11. Ng3 O-O 12. c3 e5 13. dxe5 Nxe5 14. Nxe5 dxe5 15. Qe2 Qd6 16. a5 b5 17. Rd1 Qf6 18. Be3 Rfd8 19. Ba2 Bf8 20. f3 Rxd1+ 21. Rxd1 Nc6 22. b4 Rd8 23. Bd5 Bc8 24. Rd2 Kg7 25. Bxc6 Rxd2 26. Qxd2 Qxc6 27. Bxh6+ Kg8 28. Bxf8 Kxf8 29. Qd8+ Qe8 30. Qxc7 Be6 31. Qxe5 Qd7 32. Qd4 1-0


[Site "https://www.chess.com"]

[Event "Titled Tuesday Blitz August 02 Early 2022"]
[White "Fedoseev, Vladimir"]
[Black "Xiong, Jeffery"]
[WhiteFideId "24130737"]
[BlackFideId "2047640"]
[WhiteElo "3021"]
[BlackElo "3001"]
[Result "1/2-1/2"]
[Round "06"]
[TimeControl "180+1"]
[Date "2022.08.02"]
[WhiteClock "0:00:22"]
[BlackClock "0:00:28"]

1. e4 e5 2. Nf3 Nf6 3. Nxe5 d6 4. Nf3 Nxe4 5. d4 d5 6. Bd3 Bf5 7. O-O Be7 8. Re1 O-O 9. Nbd2 Nd6 10. Bxf5 Nxf5 11. Nf1 c6 12. Qd3 g6 13. a4 Na6 14. c3 Nc7 15. Ne5 f6 16. Ng4 Qd7 17. Qh3 Rad8 18. Bf4 Bd6 19. Bxd6 Qxd6 20. Ng3 Nxg3 21. Qxg3 Qxg3 22. hxg3 Rd7 23. Re2 h5 24. Ne3 Re8 25. Rae1 Rde7 26. Kf1 Kf7 27. Nc2 Rxe2 28. Rxe2 Rxe2 29. Kxe2 Ne8 30. a5 Nd6 31. a6 Ke6 32. Nb4 Kd7 33. axb7 Nxb7 34. Nd3 g5 35. Kf3 Kd6 36. g4 h4 37. Ke3 a5 38. b3 Ke6 39. f4 Kd6 40. fxg5 fxg5 41. Ne5 c5 42. Nf7+ Ke7 43. Nxg5 c4 44. bxc4 a4 45. Kd2 dxc4 46. Kc2 Nd6 47. Nf3 Ne4 48. Nxh4 a3 49. Nf5+ Ke6 50. Ne3 a2 51. Kb2 Nxc3 52. Nxc4 Kd5 53. Ne3+ Kxd4 54. Nc2+ Kc4 55. g5 Ne4 56. g6 Kd5 57. g7 Nf6 58. Ne3+ Ke6 59. Kxa2 Kf7 60. Nf5 Nh5 61. Kb3 Nxg7 62. Nxg7 Kxg7 63. Kc4 Kf6 64. Kd3 Kg5 65. Ke3 Kg4 66. Kf2 Kf4 67. Kf1 Kg3 68. Kg1 Kg4 69. Kh2 Kh4 70. Kg1 Kg3 71. Kf1 Kg4 72. Kf2 Kf4 73. g3+ Kg4 74. Kg2 Kg5 75. Kf3 Kf5 76. g4+ Kg5 77. Kg3 Kg6 78. Kf4 Kf6 79. g5+ Kg6 80. Kg4 Kg7 81. Kf5 Kf7 82. g6+ Kg7 83. Kg5 Kg8 84. Kf6 Kf8 85. g7+ Kg8 86. Kg6 1/2-1/2


[Site "https://www.chess.com"]

[Event "Titled Tuesday Blitz August 02 Early 2022"]
[White "Gareyev, Timur"]
[Black "Bortnyk, Olexandr"]
[WhiteFideId "14200937"]
[BlackFideId "14120828"]
[WhiteElo "2865"]
[BlackElo "3012"]
[Result "1-0"]
[Round "06"]
[TimeControl "180+1"]
[Date "2022.08.02"]
[WhiteClock "0:00:04"]
[BlackClock "0:00:02"]

1. d4 d6 2. Nf3 Nf6 3. c4 g6 4. Nc3 Bf5 5. Ng5 h6 6. e4 Bg4 7. Nf3 Bg7 8. Be2 O-O 9. Be3 c6 10. h3 Bxf3 11. Bxf3 Nfd7 12. Qd2 Kh7 13. g4 Na6 14. h4 c5 15. d5 Qa5 16. Be2 Nc7 17. O-O f5 18. exf5 gxf5 19. g5 Rae8 20. Kh1 e5 21. g6+ Kg8 22. Bxh6 f4 23. Bg5 Nf6 24. Bd3 b5 25. cxb5 Kh8 26. h5 Nxh5 27. f3 Ng3+ 28. Kg1 Kg8 29. Qh2 Rf5 30. Qh7+ Kf8 31. Bh6 Ke7 32. Qxg7+ Kd8 33. Bxf5 Nxf5 34. Qf6+ Ne7 35. Qxd6+ Kc8 36. g7 c4 37. Qxe7 Qb6+ 38. Kg2 Rxe7 39. g8=Q+ Re8 40. Qg4+ Kb8 41. Bg5 Rg8 42. Rad1 Qg6 43. Ne4 Nxb5 44. d6 Nd4 45. Rxd4 exd4 46. Qxf4 Qe6 47. d7+ Kb7 48. Qg4 Qd5 49. Nf6 Qxg5 50. Nxg8 Qd2+ 51. Rf2 Kc7 52. Rxd2 1-0


[Site "https://www.chess.com"]

[Event "Titled Tuesday Blitz August 02 Early 2022"]
[White "Hakobyan, Aram"]
[Black "Alexiadis, Hristos"]
[WhiteFideId "13306677"]
[BlackFideId "4249623"]
[WhiteElo "2996"]
[BlackElo "2730"]
[Result "1/2-1/2"]
[Round "06"]
[TimeControl "180+1"]
[Date "2022.08.02"]
[WhiteClock "0:00:02"]
[BlackClock "0:00:30"]

1. Nf3 Nf6 2. g3 d5 3. Bg2 c6 4. O-O Bg4 5. h3 Bh5 6. d4 Nbd7 7. c4 e6 8. cxd5 cxd5 9. Nc3 Be7 10. Qb3 Qb6 11. Qxb6 Nxb6 12. Ne5 Bg6 13. Nxg6 hxg6 14. b3 Kd7 15. Bb2 Rhc8 16. Rac1 Rc6 17. Nb5 a6 18. Rxc6 Kxc6 19. Nc3 Kd7 20. Rc1 Rc8 21. e3 Bb4 22. Kf1 Rc7 23. g4 g5 24. Ke2 Nc8 25. Na4 Rxc1 26. Bxc1 Kc6 27. f3 b5 28. Nc5 Bxc5 29. dxc5 Kxc5 30. e4 dxe4 31. fxe4 e5 32. Bxg5 Nd7 33. h4 Nf8 34. Be3+ Kc6 35. g5 g6 36. Bh3 Nd6 37. Kd3 Nd7 38. b4 Nb6 39. Bf2 Nbc4 40. Bg3 Nb2+ 41. Ke3 Nbc4+ 42. Kd3 Nb2+ 43. Ke2 Nbc4 44. Bg2 Kd7 45. Bf2 Kc6 46. Bc5 Nb2 47. Bf3 Nbc4 48. Kd3 Nb2+ 49. Kd2 Nbc4+ 50. Ke2 a5 51. h5 gxh5 52. Bxh5 Nxe4 53. Bf3 Kd5 54. Kd3 Nb2+ 55. Kc2 Nc4 56. Kd3 axb4 57. Bxb4 Nb2+ 58. Ke3 Nc4+ 59. Kd3 Nb2+ 60. Kc2 Nc4 61. Kd3 1/2-1/2


[Site "https://www.chess.com"]

[Event "Titled Tuesday Blitz August 02 Early 2022"]
[White "Harsha Bharathakoti"]
[Black "Wagner, Dennis"]
[WhiteFideId "5078776"]
[BlackFideId "24650684"]
[WhiteElo "2575"]
[BlackElo "2355"]
[Result "1-0"]
[Round "06"]
[TimeControl "180+1"]
[Date "2022.08.02"]
[WhiteClock "0:00:20"]
[BlackClock "0:00:07"]

1. c4 Nf6 2. Nc3 c5 3. Nf3 e6 4. e3 d5 5. cxd5 exd5 6. d4 a6 7. Be2 Nc6 8. O-O Bg4 9. h3 Bxf3 10. Bxf3 cxd4 11. exd4 Be7 12. Be3 O-O 13. Rc1 Re8 14. Qd3 Qd7 15. Na4 Nb4 16. Qb3 Qb5 17. Nc3 Qd7 18. a3 Nc6 19. Nxd5 Nxd5 20. Qxd5 Qxd5 21. Bxd5 Nxd4 22. Bxd4 Rad8 23. Bxf7+ Kxf7 24. Rfd1 Rd7 25. Bc3 Red8 26. Rxd7 Rxd7 27. Kf1 Bf6 28. Ke2 Bxc3 29. Rxc3 h5 30. h4 g6 31. b4 Kf6 32. Rc5 Re7+ 33. Kd3 Rd7+ 34. Ke3 Re7+ 35. Kf3 Rd7 36. Rc3 Rd4 37. g3 Rd2 38. Ke3 Ra2 39. f3 Ke6 40. Kf4 Kf6 41. Rd3 Ra1 42. Rd6+ Kf7 43. Kg5 Rxa3 44. Rf6+ Ke7 45. Kxg6 Rb3 46. Rf4 b6 47. Kxh5 a5 48. bxa5 bxa5 49. Ra4 Rxf3 50. Kg4 Rb3 51. Rxa5 Kf6 52. Ra6+ Kg7 53. h5 Rc3 54. Kh4 Rb3 55. g4 Kh7 56. h6 Rb5 57. g5 Rb1 58. Ra7+ Kh8 59. Kh5 Rb8 60. Re7 Rc8 61. Kg6 Rc6+ 62. Kf5 Rc5+ 63. Re5 Rc8 64. g6 Ra8 65. Re7 Kg8 66. Rd7 Ra5+ 67. Kf4 Ra4+ 68. Ke5 Ra8 69. Ke6 Ra6+ 70. Rd6 Ra8 71. Ke7 Ra7+ 72. Rd7 Ra8 73. Rd8+ Rxd8 74. Kxd8 Kh8 75. Ke7 Kg8 76. Kf6 Kh8 77. g7+ Kg8 78. h7+ Kxh7 79. Kf7 1-0


[Site "https://www.chess.com"]

[Event "Titled Tuesday Blitz August 02 Early 2022"]
[White "Izoria, Zviad"]
[Black "Jubin Jimmy"]
[WhiteFideId "13601733"]
[BlackFideId "46686614"]
[WhiteElo "2813"]
[BlackElo "2904"]
[Result "1-0"]
[Round "06"]
[TimeControl "180+1"]
[Date "2022.08.02"]
[WhiteClock "0:01:08"]
[BlackClock "0:00:03"]

1. Nf3 Nf6 2. c4 e6 3. Nc3 Bb4 4. Qc2 O-O 5. a3 Bxc3 6. Qxc3 b6 7. g3 Bb7 8. Bg2 d6 9. O-O Nbd7 10. d3 a5 11. b3 e5 12. e4 h6 13. Nh4 Nc5 14. Be3 Ne6 15. h3 Bc8 16. Nf5 c5 17. Qb2 Nd4 18. Nxd4 exd4 19. Bd2 Bb7 20. Rae1 Nd7 21. g4 Qh4 22. f4 Rae8 23. a4 Nf6 24. Re2 Nh7 25. Be1 Qd8 26. Bg3 Qd7 27. Bf3 f6 28. Ree1 Re7 29. Qh2 Rfe8 30. h4 Rf8 31. f5 Re5 32. Bxe5 dxe5 33. Re2 Qe7 34. Rg2 Bc6 35. Kf2 Bd7 36. Ke1 Bc6 37. Rfg1 Bd7 38. Kd2 Bc6 39. Kc2 Bd7 40. Kb2 Bc6 41. g5 fxg5 42. Bh5 Be8 43. Bg6 g4 44. Rxg4 Nf6 45. R4g2 Bc6 46. Bh7+ Kxh7 47. Rxg7+ Qxg7 48. Rxg7+ Kxg7 49. Qxe5 Rc8 50. Qe7+ 1-0


[Site "https://www.chess.com"]